 Dungeon Crawl Stone Soup version 0.24.1-14-gf8d2b509d9 (webtiles) character file.

Game seed: 825468293586353451, levelgen mode: deterministic

3628 Mrkan the Cleaver (level 9, -10/82 HPs)
             Began as a Minotaur Fighter on May 23, 2020.
             Was an Elder of Yredelemnul.
             Killed from afar by a flying skull (12 damage)
             ... with an exploding inner flame
             ... created by the player character
             ... hexed by the player character
             ... on level 8 of the Dungeon.
             The game lasted 00:11:12 (6387 turns).

Mrkan the Cleaver (Minotaur Fighter)                Turns: 6387, Time: 00:11:13

Health: -10/82     AC: 13    Str: 22    XL:     9   Next: 87%
Magic:  12/12      EV:  6    Int:  5    God:    Yredelemnul [****..]
Gold:   397        SH: 11    Dex: 12    Spells: 8/8 levels left

rFire    . . .     SeeInvis .   a - +0 war axe
rCold    . . .     Gourm    .   c - +0 shield
rNeg     . . .     Faith    .   z - +0 chain mail
rPois    .         Spirit   .   (helmet restricted)
rElec    .         Reflect  .   y - +1 cloak
rCorr    .         Harm     .   (no gloves)
MR       +....                  (no boots)
Stlth    ..........             A - amulet of regeneration (curse)
HPRegen  0.63/turn              G - ring of protection from magic
MPRegen  0.13/turn              o - ring of stealth

@: no status effects
A: retaliatory headbutt, horns 2
a: Recall Undead Slaves, Injury Mirror, Animate Dead, Drain Life, Renounce
Religion


You were on level 8 of the Dungeon.
You worshipped Yredelemnul.
Yredelemnul was greatly pleased with you.
You were not hungry.

You visited 1 branch of the dungeon, and saw 8 of its levels.
You also visited: Ossuary.

You collected 397 gold pieces.

Inventory:

Hand Weapons
 a - a +0 war axe (weapon)
Missiles
 p - 53 poisoned darts (quivered)
Armour
 c - a +0 shield (worn)
 y - a +1 cloak (worn)
 z - a +0 chain mail (worn)
Jewellery
 o - a ring of stealth (right hand)
 A - a cursed amulet of regeneration (around neck)
 G - a ring of protection from magic (left hand)
Wands
 t - a wand of random effects (21)
Scrolls
 e - a scroll of fear
 g - 4 scrolls of teleportation
 m - a scroll of enchant armour
 s - a scroll of amnesia
 v - 7 scrolls of remove curse
Potions
 d - 2 potions of might
 i - 5 potions of curing
 j - 2 potions of lignification
 k - 2 potions of resistance
 l - 2 potions of flight
 r - 3 potions of brilliance
 w - 4 potions of degeneration
 x - a potion of haste
 B - 2 potions of cancellation
 D - 3 potions of heal wounds
 H - 3 potions of magic
 K - a potion of agility
Comestibles
 f - 13 rations
 L - 2 chunks of flesh


   Skills:
 + Level 8.4 Fighting
 + Level 9.8 Axes
 + Level 8.4 Armour
 - Level 6.9 Shields
 * Level 5.6 Invocations


You had 8 spell levels left.
You didn't know any spells.
Your spell library contained the following spells:

 Spells                   Type           Power        Failure   Level  Hunger
 Flame Tongue             Conj/Fire      #....        100%        1    ##.....
 Summon Small Mammal      Summ           #...         100%        1    ##.....
 Call Imp                 Summ           #.......     100%        2    ###....
 Call Canine Familiar     Summ           #.......     100%        3    ####...
 Ignite Poison            Fire/Tmut/Pois #.......     100%        3    ####...
 Inner Flame              Hex/Fire       #.......     100%        3    ####...
 Regeneration             Chrm/Necr      #.........   100%        3    ####...
 Summon Guardian Golem    Hex/Summ       #.......     100%        3    ####...
 Summon Ice Beast         Ice/Summ       #.......     100%        4    #####..
 Summon Lightning Spire   Summ/Air       #.......     100%        4    #####..
 Bolt of Draining         Conj/Necr      #.........   100%        5    ######.
 Fireball                 Conj/Fire      #.........   100%        5    ######.


Dungeon Overview and Level Annotations

Branches:
Dungeon (8/15)             Temple (0/1) D:5         Ossuary (visited)
   Lair: D:8-11

Altars:
Ashenzari
Cheibriados
Elyvilon
Makhleb
Nemelex Xobeh
Okawaru
Qazlal
Trog
Vehumet
Yredelemnul
The Shining One

Shops:
D:5 [   D:6 [


Innate Abilities, Weirdness & Mutations

You reflexively headbutt those who attack you in melee.
You have a pair of horns on your head.


Message History

The flying skull is almost destroyed.
Your flying skull closely misses the flying skull.
The flying skull hits you but does no damage.
Your flying skull closely misses the flying skull.
The flying skull hits you!
* * * LOW HITPOINT WARNING * * *
The flying skull hits you!
* * * LOW HITPOINT WARNING * * *
Your flying skull misses the flying skull.
An adder comes into view.
The adder hisses angrily.
You block the flying skull's attack.
Your flying skull hits the flying skull!
The flying skull explodes!
The fiery explosion engulfs your flying skull!
Your flying skull resists.
Your flying skull is heavily damaged.
The fiery explosion engulfs you!
You die...
Your body rises from the dead as a mindless zombie.

*,,,,**,#.+,,,,,,,,,**≈**≈,≈**≈
****,,,,#.#,,,,,,,.,**≈***+***≈
*,,,,,,#.###+#*,..,,*≈≈*,,,*≈≈
*,,,,,,#.....##...,,*≈≈*,,,*≈≈
*,,,,.,#.)........,,#≈≈*,,,*≈≈
***###'##§...####.,..≈*******≈
#.)..§§...§§.#,..,≈#*≈≈≈**≈
*#.....§§§z§#+#.#..≈≈≈≈≈≈≈≈≈
#......§§§§@§<..S....,,,,,,,
#......###.§....#....**,,,,*
#....###........#,,,.**,,,,*
****##..............#,,,,**,,,,*
*,,,................#,,,,,,*,***
*,,,........####......,,,,,+,* *
*,,,,,,,..##* #...###.,,,,*,* *
*,,,,,,,..* #?..# *,,,,,*** *
******,,,,******,,,* *,,,,,* *


You could see a flying skull (inner flame) and an adder.

Vanquished Creatures
  Pikel (D:7)
  A steam dragon (D:6)
  3 black bears
  2 sky beasts (D:7)
  An ice beast (D:5)
  An ogre (D:4)
  A centaur (D:7)
  A wyvern zombie (Ossuary)
  3 scorpions
  5 killer bees (D:6)
  5 crimson imps
  3 bullfrog zombies (Ossuary)
  3 centaur zombies (Ossuary)
  5 hounds
  5 orc wizards
  A bullfrog skeleton (D:3)
  2 centaur skeletons
  3 orc priests
  3 iguanas (D:6)
  Jessica (D:3)
  A hound zombie (Ossuary)
  13 mummies (Ossuary)
  A howler monkey zombie (Ossuary)
  4 worker ant zombies (Ossuary)
  8 gnolls
  5 adders
  2 shadow imps
  An adder skeleton (D:4)
  2 adder zombies (Ossuary)
  3 worms
  4 dart slugs
  4 leopard geckos
  32 orcs
  4 bats
  3 giant cockroaches
  11 goblins
  6 hobgoblins
  15 jackals
  4 quokkas
  A ball python (D:1)
  4 frilled lizards
  2 giant cockroach zombies (Ossuary)
  4 goblin skeletons (D:4)
  A hobgoblin zombie (D:4)
  9 kobolds
  A kobold zombie (D:4)
  An orc skeleton (D:4)
  3 orc zombies (D:4)
  A quokka skeleton (D:6)
  4 quokka zombies
  9 rats
  A withered plant (Ossuary)
214 creatures vanquished.

Vanquished Creatures (collateral kills)
  Harold (D:7)
  A bullfrog (D:8)
  A shadow imp (D:8)
  An orc (D:8)
4 creatures vanquished.

Vanquished Creatures (others)
  A slave (D:7)
  2 withered plants (Ossuary)
3 creatures vanquished.

Grand Total: 221 creatures vanquished

Notes
Turn   | Place    | Note
-------+----------+-------------------------------------------
     0 | D:1      | Mrkan the Minotaur Fighter began the quest for the Orb.
     0 | D:1      | Reached XP level 1. HP: 19/19 MP: 0/0
    74 | D:1      | Reached XP level 2. HP: 14/27 MP: 1/1
   451 | D:1      | Reached skill level 3 in Axes
  1004 | D:2      | Found a basalt altar of Yredelemnul.
  1005 | D:2      | Reached XP level 3. HP: 33/33 MP: 2/2
  1031 | D:2      | Became a worshipper of Yredelemnul the Dark
  1214 | D:2      | Reached * piety under Yredelemnul
  1682 | D:2      | Reached XP level 4. HP: 40/40 MP: 3/3
  1837 | D:3      | Noticed Jessica
  1843 | D:3      | Killed Jessica
  1843 | D:3      | Reached skill level 4 in Axes
  1928 | D:3      | Reached XP level 5. HP: 39/47 MP: 4/4
  1997 | D:3      | Found a basalt altar of Yredelemnul.
  2093 | D:3      | Found a burning altar of Makhleb.
  2094 | D:3      | Found a radiant altar of Vehumet.
  2334 | D:4      | Reached skill level 5 in Axes
  2334 | D:4      | Reached XP level 6. HP: 28/55 MP: 5/5
  2336 | D:4      | Reached ** piety under Yredelemnul
  2336 | D:4      | Reached skill level 5 in Shields
  2500 | D:4      | Reached skill level 5 in Fighting
  2500 | D:4      | Reached skill level 5 in Armour
  2524 | D:4      | Found a glowing golden altar of the Shining One.
  2752 | D:4      | Reached skill level 6 in Axes
  2752 | D:4      | Reached XP level 7. HP: 56/61 MP: 6/6
  2832 | D:4      | Identified Gixam's Papyrus of the Unholy Arsonist
  3052 | D:4      | Found a white marble altar of Elyvilon.
  3054 | D:4      | Found a sparkling altar of Nemelex Xobeh.
  3071 | D:4      | Found a shattered altar of Ashenzari.
  3176 | D:5      | Entered Level 5 of the Dungeon
  3176 | D:5      | Found a staircase to the Ecumenical Temple.
  3284 | D:5      | Found Kemp's Armour Shop.
  3323 | D:5      | Reached *** piety under Yredelemnul
  3504 | D:5      | Reached skill level 7 in Axes
  3529 | D:5      | Found a stormy altar of Qazlal.
  3626 | D:6      | Reached XP level 8. HP: 30/70 MP: 7/7
  4399 | D:6      | Found a shattered altar of Ashenzari.
  4407 | D:6      | Reached skill level 8 in Axes
  5051 | D:6      | Found a snail-covered altar of Cheibriados.
  5456 | D:6      | Found Fesacyst's Armour Emporium.
  5513 | D:7      | Noticed Pikel
  5517 | D:7      | Found a bloodstained altar of Trog.
  5524 | D:7      | Reached skill level 1 in Invocations
  5541 | D:7      | Killed Pikel
  5541 | D:7      | Reached skill level 9 in Axes
  5541 | D:7      | Reached XP level 9. HP: 64/79 MP: 8/10
  5689 | D:7      | Reached **** piety under Yredelemnul
  5749 | D:7      | Found an iron altar of Okawaru.
  5781 | D:7      | Found a sand-covered staircase.
  5788 | Ossuary  | Entered an ossuary
  6045 | Ossuary  | Received a gift from Yredelemnul (2 flying skulls)
  6067 | Ossuary  | Reached skill level 5 in Invocations
  6151 | D:7      | Noticed Harold
  6165 | D:7      | Killed Harold
  6386 | D:8      | HP: 1/82 [flying skull[the player character] (9)]
  6387 | D:8      | Killed from afar by a flying skull

Levels and vault maps discovered:
D:1:      minmay_arrival_open_corners, layout_basic, corexii_leaking_fountain
D:2:      layout_loops_ring, lemuel_round_altar
D:3:      layout_rooms, grunt_temple_overflow_lords_of_destruction,
          first_ration, hex_medium, st_stairs_4, yredelemnul_altar_generic,
          uniq_jessica
D:4:      layout_loops_cross, nicolae_tso_besieged_by_evil, minitemple,
          solitary_fountain, chequers_serial_rivers_micro_d
D:5:      layout_basic, nicolae_qazlal_general_emergency,
          minmay_temple_entry_purple_smoke, serial_shops, shop_statue
D:6:      layout_basic, cheibriados_altar_1, serial_shops, kennysheep_mini,
          hangedman_abyss_or_decor_passed, mrwooster_statue_mirror,
          nicolae_ashenzari_panopticon
D:7:      layout_rooms, overflow_temple_1_default, trog_ov_bears_minmay,
          chequers_ossuary_entry_cave, uniq_pikel, uniq_harold
D:8:      layout_basic, lightli_minifort

Skill      XL: |  1  2  3  4  5  6  7  8  9 |
---------------+----------------------------+-----
Axes           | 3 4 5 6 7 9 |  9.8
Shields        | 4 5 6 |  6.9
Fighting       | 4 5 6 7 8 |  8.4
Armour         | 4 5 6 7 8 |  8.4
Invocations    | 3 5 |  5.6

Action                   |  1- 3 |  4- 6 |  7- 9 || total
-------------------------+-------+-------+-------++-------
Melee: War axe           |    80 |   120 |   350 ||   550
       Headbutt          |    12 |    20 |    77 ||   109
  Use: Potion            |     1 |       |       ||     1
       Scroll            |       |       |    22 ||    22
  Eat: Chunk             |     2 |     4 |     9 ||    15
       Ration            |       |       |     1 ||     1
Armor: Scale mail        |    49 |    56 |       ||   105
       Chain mail        |       |     3 |   171 ||   174
Dodge: Dodged            |    29 |    34 |    92 ||   155
Block: Shield            |    78 |    82 |   215 ||   375
